 Dungeon Crawl Stone Soup version 0.23.2 (webtiles) character file.

Game seed: 2963794427832623700

88 Borgoz the Cutter (level 4, -1/37 HPs)
             Began as a Ghoul Gladiator on Apr 3, 2019.
             Slain by a gnoll
             ... wielding a +0 whip
              (6 damage)
             ... on level 1 of the Dungeon.
             The game lasted 00:02:33 (1683 turns).

Borgoz the Cutter (Ghoul Gladiator)                 Turns: 1683, Time: 00:02:34

Health: -1/37      AC:  4    Str: 15 (17) XL:     4   Next: 53%
Magic:  3/3        EV: 13    Int:  3 (4)  God:
Gold:   103        SH:  0    Dex: 13 (14) Spells: 3/3 levels left

rFire    . . .     SeeInvis .   a - +0 rapier
rCold    + . .     Gourm    .   (no shield)
rNeg     + + +     Faith    .   b - +0 leather armour
rPois    ∞         Spirit   .   c - +0 helmet
rElec    .         Reflect  .   (no cloak)
rCorr    .         Harm     .   (no gloves)
MR       .....                  (no boots)
Stlth    +.........             (no amulet)
HPRegen  0.00/turn              n - +4 ring of dexterity
MPRegen  0.08/turn              (no ring)

@: flying, rotting
A: rotting body, claws 1, carnivore, cold resistance 1, negative energy
resistance 3, inhibited regeneration, torment resistance, unbreathing
a: no special abilities


You were on level 1 of the Dungeon.
You were not hungry.

You visited 1 branch of the dungeon, and saw 2 of its levels.

You collected 103 gold pieces.

Inventory:

Hand Weapons
 a - a +0 rapier (weapon)
Missiles
 d - 3 throwing nets (quivered)
Armour
 b - a +0 leather armour (worn)
 c - a +0 helmet (worn)
Jewellery
 n - a +4 ring of dexterity (left claw)
Scrolls
 e - 2 scrolls of immolation {unknown}
 h - a scroll of enchant weapon {unknown}
 l - a scroll of fear {unknown}
 m - a scroll of identify {unknown}
 o - 2 scrolls of remove curse {unknown}
 p - a scroll of teleportation {unknown}
Potions
 k - a potion of degeneration
Comestibles
 f - a ration


   Skills:
 + Level 2.6 Fighting
 * Level 3.3 Short Blades
 - Level 1.7 Throwing
 * Level 1.5 Armour
 * Level 3.3 Dodging
 + Level 1.2 Stealth


You had 3 spell levels left.
You didn't know any spells.
Your spell library was empty.

Dungeon Overview and Level Annotations

Branches:
Dungeon (2/15)

Altars:
Yredelemnul
The Shining One


Innate Abilities, Weirdness & Mutations

Your body is rotting away.
You thrive on raw meat.
You are immune to poison.
You have sharp fingernails.
You are carnivorous and can eat meat at any time.
Your flesh is cold resistant. (rC+)
You are immune to negative energy. (rN+++)
You do not regenerate when monsters are visible.
You are immune to unholy pain and torment.
You can survive without breathing.


Message History

The gnoll hits you with a +0 whip.
* * * LOW HITPOINT WARNING * * *
The gnoll barely misses you.
It was a potion of heal wounds.
You feel much better. The gnoll misses you. The gnoll hits you with a +0 flail!
It was a potion of flight.
You feel very buoyant.
You fly up into the air.
The gnoll hits you with a +0 whip!
* * * LOW HITPOINT WARNING * * *
Throwing (i - inventory)
d - 4 throwing nets (quivered)
Press: ? - help, Shift-Dir - straight line, f - gnoll
Aim: a gnoll, wielding a +0 flail You throw a throwing net.
The throwing net hits the gnoll.
The gnoll is caught in the net!
The gnoll barely misses you.
The gnoll struggles against the net.
All of the chunks of flesh in your inventory have rotted away.
You hit the gnoll but do no damage.
The gnoll is severely wounded.
The gnoll hits you with a +0 whip.
You die...

##.#....#
#....#
##'#....###
#....#
#.........#
#÷...#
#...).....#
#....#
#.........#
#....#
###(......#
#....#
##...(..#
#.####
#)g....#
#.#
#@g....#
#.#
###'####
#.# #.# #.#
#.# #.# #.#
#.# #.# #.#
#.# #.# #.#
#.# #.# #.#


You could see 2 gnolls.

Vanquished Creatures
  4 adders (D:2)
  2 worms (D:2)
  2 dart slugs (D:1)
  A leopard gecko (D:1)
  2 giant cockroaches
  7 goblins
  3 hobgoblins
  5 jackals
  A ball python (D:1)
  3 bats (D:1)
  2 frilled lizards (D:1)
  7 kobolds
  5 rats
44 creatures vanquished.

Notes
Turn   | Place    | Note
-------+----------+-------------------------------------------
     0 | D:1      | Borgoz the Ghoul Gladiator began the quest for the Orb.
     0 | D:1      | Reached XP level 1. HP: 17/17 MP: 0/0
   295 | D:1      | Reached XP level 2. HP: 21/24 MP: 1/1
   598 | D:1      | Reached skill level 1 in Armour
   619 | D:1      | Reached XP level 3. HP: 30/30 MP: 2/2
  1074 | D:2      | Found a basalt altar of Yredelemnul.
  1077 | D:2      | Noticed a profane servitor
  1205 | D:2      | Reached skill level 1 in Stealth
  1205 | D:2      | Reached XP level 4. HP: 31/37 MP: 3/3
  1301 | D:2      | Found a glowing golden altar of the Shining One.
  1683 | D:1      | Slain by a gnoll

Skill      XL: |  1  2  3 |
---------------+----------+-----
Dodging        | 3 |  3.3
Short Blades   | 3 |  3.3
Armour         | 1 |  1.5
Stealth        | 1 |  1.2
Fighting       | |  2.6
Throwing       | |  1.7

Action                   |  1- 3 |  4- 6 || total
-------------------------+-------+-------++-------
Melee: Rapier            |   119 |    46 ||   165
Throw: Throwing net      |       |     1 ||     1
  Use: Potion            |       |     3 ||     3
 Stab: Sleeping          |     1 |       ||     1
  Eat: Chunk             |    10 |     3 ||    13
Armor: Leather armour    |    30 |     6 ||    36
Dodge: Dodged            |    97 |    58 ||   155
